 Dungeon Crawl Stone Soup version 0.19.0-18-g426998a (webtiles) character file.

737 Monkfish the Chopper (level 7, -4/61 HPs)
             Began as a Minotaur Berserker on Nov 11, 2016.
             Was a Priest of Trog.
             Slain by Krapule's ghost (5 damage)
             ... on level 5 of the Dungeon.
             The game lasted 00:06:59 (3190 turns).

Monkfish the Chopper (Minotaur Berserker)           Turns: 3190, Time: 00:07:00

Health: -4/61      AC: 13    Str: 23    XL:     7   Next: 46%
Magic:  6/6        EV:  5    Int:  4    God:    Trog [***...]
Gold:   265        SH:  7    Dex: 10    Spells: 0 memorised, 6 levels left

rFire  . . .     SeeInvis .     a - +0 hand axe
rCold  + . .     Gourm    .     j - +1 plate armour
rNeg   . . .     Faith    .     f - +0 shield
rPois  .         Spirit   .     (helmet unavailable)
rElec  .         Reflect  .     (no cloak)
rCorr  .         Harm     .     (no gloves)
MR     ++...                    (no boots)
Stlth  ..........               (no amulet)
                                (no ring)
                                m - ring of protection from cold

@: exhausted, regenerating, slowed, very slow
A: retaliatory headbutt, horns 3, blink, mutation resistance 1
a: Blink, Berserk, Trog's Hand, Burn Spellbooks, Renounce Religion


You were on level 5 of the Dungeon.
You worshipped Trog.
Trog was most pleased with you.
You were not hungry.

You visited 1 branch of the dungeon, and saw 5 of its levels.
You also visited: Sewer.

You collected 265 gold pieces.

Inventory:

Hand Weapons
 a - a +0 hand axe (weapon)
Armour
 f - a +0 shield (worn)
 j - a +1 plate armour (worn)
Jewellery
 m - a ring of protection from cold (left hand)
Scrolls
 c - 3 scrolls of magic mapping
 d - 10 scrolls of teleportation
 h - 4 scrolls of remove curse
 i - 5 scrolls of identify
 l - a scroll of blinking
 n - 2 scrolls of recharging
 p - a scroll of enchant armour
Potions
 g - 7 potions of curing
 k - 3 potions of might
 o - a potion of heal wounds
Comestibles
 q - 7 fruits
 s - 2 meat rations


   Skills:
 + Level 5.3 Fighting
 + Level 7.4 Axes
 * Level 6.2 Armour
 - Level 3.1 Dodging
 + Level 0.2 Shields


You had 6 spell levels left.
You didn't know any spells.

Dungeon Overview and Level Annotations

Branches:
Dungeon (5/15)
 Temple: D:4-7

Altars:
Hepliaklqana
Nemelex Xobeh
Xom

Annotations:
D:5 Krapule's ghost, novice FoAK


Innate Abilities, Weirdness & Mutations

You reflexively headbutt those who attack you in melee.
You have a pair of large horns on your head.
You can translocate small distances at will.
You are somewhat resistant to further mutation.


Message History

Krapule's ghost hits you. Krapule's ghost burns you.
You hit Krapule's ghost but do no damage.
Krapule's ghost is almost destroyed.
Krapule's ghost hits you!
* * * LOW HITPOINT WARNING * * *
Krapule's ghost burns you.
* * * LOW HITPOINT WARNING * * *
Your plate armour prevents you from hitting Krapule's ghost.
You headbutt Krapule's ghost.
Krapule's ghost is almost destroyed.
You block Krapule's ghost's attack.
Krapule's ghost sneers, "Do you call that fighting?"
Krapule's ghost barely misses you.
You hit Krapule's ghost but do no damage.
You headbutt Krapule's ghost.
Krapule's ghost is almost destroyed.
Krapule's ghost hits you!
* * * LOW HITPOINT WARNING * * *
Krapule's ghost burns you.
You die...

#......$#
#.#......
#......
#.... #..#
#<.####.#
#.......#
##.######
#@# #.W$#
#.^...#
#........
##.....###
##...##
##.## ###


You could see Krapule's ghost.

Vanquished Creatures
  An ogre (D:4)
  2 bullfrogs (Sewer)
  A howler monkey (D:4)
  A crimson imp (D:4)
  An orc priest (D:3)
  3 orc wizards (D:3)
  2 worker ants (D:4)
  A hound skeleton (D:5)
  A gnoll (D:1)
  9 adders
  3 river rats (Sewer)
  A white imp (D:4)
  5 oozes
  3 adder skeletons
  3 worms
  A leopard gecko (D:4)
  13 orcs
  8 bats
  4 giant cockroaches
  8 goblins
  11 hobgoblins
  8 jackals (D:1)
  9 ball pythons
  6 frilled lizards
  6 kobolds
  33 rats
144 creatures vanquished.

Notes
Turn   | Place    | Note
-------+----------+-------------------------------------------
     0 | D:1      | Monkfish the Minotaur Berserker began the quest for the Orb.
     0 | D:1      | Reached XP level 1. HP: 19/19 MP: 0/0
   100 | D:1      | Reached XP level 2. HP: 20/27 MP: 1/1
   136 | D:1      | Reached skill level 4 in Axes
   204 | D:1      | Reached XP level 3. HP: 26/33 MP: 2/2
   762 | D:2      | Found a shimmering altar of Xom.
   839 | D:2      | Reached ** piety under Trog
   922 | D:2      | Reached XP level 4. HP: 38/41 MP: 3/3
  1134 | D:2      | Found a hazy altar of Hepliaklqana.
  1206 | D:2      | Gained mutation: You can translocate small distances at will. [potion of mutation]
  1206 | D:2      | Gained mutation: You are somewhat resistant to further mutation. [potion of mutation]
  1206 | D:2      | Gained mutation: You have a pair of large horns on your head. [potion of mutation]
  1311 | D:3      | Found a glowing drain.
  1379 | Sewer    | Entered a sewer
  1416 | Sewer    | Reached skill level 5 in Axes
  1458 | Sewer    | Reached XP level 5. HP: 43/47 MP: 4/4
  1459 | Sewer    | Reached *** piety under Trog
  1542 | Sewer    | Received a gift from Trog
  1590 | Sewer    | Reached skill level 6 in Axes
  1593 | Sewer    | Reached XP level 6. HP: 55/55 MP: 5/5
  1594 | Sewer    | Reached skill level 5 in Fighting
  2062 | D:3      | Found a sparkling altar of Nemelex Xobeh.
  2210 | D:3      | Reached skill level 5 in Armour
  2532 | D:4      | Reached skill level 7 in Axes
  2532 | D:4      | Reached XP level 7. HP: 56/61 MP: 6/6
  3164 | D:5      | Entered Level 5 of the Dungeon
  3167 | D:5      | Noticed Krapule's ghost (novice FoAK)
  3190 | D:5      | HP: 1/61 [Krapule's ghost (13)]
  3190 | D:5      | Slain by Krapule's ghost

Skill      XL: |  1  2  3  4  5  6  7 |
---------------+----------------------+-----
Fighting       | 4 5 |  5.3
Axes           | 4 5 6 7 |  7.4
Armour         | 3 5 6 |  6.2
Dodging        | 3 |  3.1
Shields        | |  0.2

Action                   |  1- 3 |  4- 6 |  7- 9 || total
-------------------------+-------+-------+-------++-------
Melee: Hand axe          |    69 |   190 |    50 ||   309
       Headbutt          |    12 |    28 |    11 ||    51
Invok: Trog's Hand       |       |     5 |     1 ||     6
       Berserk           |       |     2 |     1 ||     3
  Use: Scroll            |     3 |     7 |     1 ||    11
       Potion            |       |     6 |       ||     6
 Stab: Sleeping          |     1 |       |       ||     1
  Eat: Bread ration      |       |     1 |     1 ||     2
       Chunk             |       |     5 |       ||     5
Armor: Animal skin       |    15 |     1 |       ||    16
       Plate armour      |       |   107 |    19 ||   126
Dodge: Dodged            |    59 |    70 |    11 ||   140
Block: Shield            |       |       |    13 ||    13
